BSA
FRESNO DEPLORABLES @ ST. LOUIS BROWNS
09/12/2028
 
TOP OF THE 1ST
Fresno Deplorables batting - Pitching for St. Louis Browns : RHP Bob Cunningham
Pitching: RHP Bob Cunningham
Batting: RHB Jared Thompson 0-0: Ground out 5-3 (Groundball, 56S)
Batting: LHB Paul Mullins 0-0: Ball
1-0: Ball
2-0: Called Strike
2-1: Foul Ball, location: 2F
2-2: Strikes out swinging
Batting: LHB Jeff Daniels 0-0: Ball
1-0: Called Strike
1-1: Ground out 3-1 (Groundball, 34)
Top of the 1st over - 0 run(s), 0 hit(s), 0 error(s), 0 left on base; Fresno 0 - St. Louis 0
BOTTOM OF THE 1ST
St. Louis Browns batting - Pitching for Fresno Deplorables : RHP Won-min Im
Pitching: RHP Won-min Im
Batting: LHB Clinton Clark 0-0: Called Strike
0-1: Ball
1-1: Foul Ball, location: 2F
1-2: Foul Ball, location: 2F
1-2: Foul Ball, location: 2F
1-2: Ball
2-2: Foul Ball, location: 2F
2-2: Fly out, F7 (Flyball, 78D)
Batting: RHB Vicente Valentín 0-0: Ball
1-0: Ball
2-0: Called Strike
2-1: Called Strike
2-2: Foul Ball, location: 2F
2-2: SINGLE (Groundball, 56S) (infield hit)
Batting: LHB Mike Hill 0-0: Called Strike
Vicente Valentín steals 2nd base
0-1: Called Strike
Vicente Valentín steals 3rd base
0-2: Ball
1-2: Ball
2-2: Ball
3-2: Base on Balls
Batting: RHB Carlos Alfaro 0-0: Ball
1-0: Called Strike
1-1: Ball
2-1: Fly out, F3 (Popup, 3L)
Batting: RHB Jeff Jones 0-0: Ball
1-0: Foul Ball, location: 2F
1-1: Foul Ball, location: 2F
1-2: Fly out, F9 (Flyball, 9S)
Bottom of the 1st over - 0 run(s), 1 hit(s), 0 error(s), 2 left on base; Fresno 0 - St. Louis 0
TOP OF THE 2ND
Fresno Deplorables batting - Pitching for St. Louis Browns : RHP Bob Cunningham
Batting: LHB Troy Donaldson 0-0: Foul Ball, location: 2F
0-1: Foul Ball, location: 2F
0-2: Ball
1-2: Fly out, F4 (Line Drive, 4)
Batting: RHB Paco Arellano 0-0: Ball
1-0: Swinging Strike
1-1: Ball
2-1: Swinging Strike
2-2: Strikes out swinging
Batting: RHB António Zúńiga 0-0: Called Strike
0-1: Ball
1-1: Foul Ball, location: 2F
1-2: Fly out, F9 (Flyball, 89D)
Top of the 2nd over - 0 run(s), 0 hit(s), 0 error(s), 0 left on base; Fresno 0 - St. Louis 0
BOTTOM OF THE 2ND
St. Louis Browns batting - Pitching for Fresno Deplorables : RHP Won-min Im
Batting: SHB David Johnstone 0-0: Ground out U3 (Groundball, 23)
Batting: RHB Danny Walker 0-0: Called Strike
0-1: Ball
1-1: Ball
2-1: Ball
3-1: Base on Balls
Batting: LHB Dave Watson 0-0: Called Strike
0-1: Called Strike
0-2: Ball
1-2: Fly out, F7 (Flyball, 7LM)
Batting: RHB Anthony Rucker 0-0: Called Strike
0-1: Ground out 4-3 (Groundball, 4M)
Bottom of the 2nd over - 0 run(s), 0 hit(s), 0 error(s), 1 left on base; Fresno 0 - St. Louis 0
TOP OF THE 3RD
Fresno Deplorables batting - Pitching for St. Louis Browns : RHP Bob Cunningham
Batting: RHB Gabriel Miranda 0-0: Ball
1-0: SINGLE (Line Drive, 3D)
Batting: RHB Robert Bly 0-0: Ball
1-0: Swinging Strike
1-1: Ball
2-1: Foul Ball, location: 2F
2-2: Ball
3-2: Base on Balls
Gabriel Miranda to second
Batting: RHB Jesús Gutiérrez 0-0: Ball
1-0: Foul Ball, location: 2F
1-1: Ball
2-1: Fly out, F3 (Line Drive, 3)
Batting: RHB Jared Thompson 0-0: Foul Ball, location: 2F
0-1: Called Strike
0-2: Fly out, F9 (Line Drive, 89M)
Batting: LHB Paul Mullins 0-0: Called Strike
0-1: Foul Ball, location: 2F
0-2: Foul Ball, location: 2F
0-2: Ball
1-2: Foul Ball, location: 2F
1-2: Foul Ball, location: 2F
1-2: Ball
2-2: Ball
3-2: Foul Ball, location: 2F
3-2: Base on Balls
Gabriel Miranda to third
Robert Bly to second
Batting: LHB Jeff Daniels 0-0: Ball
1-0: Swinging Strike
1-1: Ball
2-1: Ground out 5-3 (Groundball, 56S)
Top of the 3rd over - 0 run(s), 1 hit(s), 0 error(s), 3 left on base; Fresno 0 - St. Louis 0
BOTTOM OF THE 3RD
St. Louis Browns batting - Pitching for Fresno Deplorables : RHP Won-min Im
Batting: LHB Clinton Clark 0-0: Called Strike
0-1: Ball
1-1: Called Strike
1-2: Ball
2-2: Foul Ball, location: 2F
2-2: Foul Ball, location: 2F
2-2: Ball
3-2: Ground out 5-3 (Groundball, 56)
Batting: RHB Vicente Valentín 0-0: Ground out 5-3 (Groundball, 56)
Batting: LHB Mike Hill 0-0: Ball
1-0: Ball
2-0: Ball
3-0: Called Strike
3-1: SOLO HOME RUN (Flyball, 9LD), Distance : 352 ft
Batting: RHB Carlos Alfaro 0-0: Ball
1-0: Swinging Strike
1-1: Swinging Strike
1-2: Foul Ball, location: 2F
1-2: Ball
2-2: Ball
3-2: Foul Ball, location: 2F
3-2: SOLO HOME RUN (Flyball, 7D), Distance : 485 ft
Batting: RHB Jeff Jones 0-0: Ball
1-0: Ball
2-0: Called Strike
2-1: Foul Ball, location: 2F
2-2: Hit by Pitch, AND HE CHARGES THE MOUND! The benches clear!
Pitching: LHP José Garza
Pinch Runner at 1st Bill Murphy:
Batting: SHB David Johnstone 0-0: Swinging Strike
0-1: Ball
1-1: Foul Ball, location: 2F
1-2: Strikes out looking
Bottom of the 3rd over - 2 run(s), 2 hit(s), 0 error(s), 1 left on base; Fresno 0 - St. Louis 2
TOP OF THE 4TH
Fresno Deplorables batting - Pitching for St. Louis Browns : RHP Bob Cunningham
Now at 3B: Bill Murphy
Batting: LHB Troy Donaldson 0-0: Called Strike
0-1: Ball
1-1: Fly out, F7 (Flyball, 7S)
Batting: RHB Paco Arellano 0-0: Foul Ball, location: 2F
0-1: Ground out 5-3 (Groundball, 5)
Batting: RHB António Zúńiga 0-0: Called Strike
0-1: SINGLE (Groundball, 6MD)
Batting: RHB Gabriel Miranda 0-0: Called Strike
0-1: Fly out, F8 (Flyball, 8RS)
Top of the 4th over - 0 run(s), 1 hit(s), 0 error(s), 1 left on base; Fresno 0 - St. Louis 2
BOTTOM OF THE 4TH
St. Louis Browns batting - Pitching for Fresno Deplorables : LHP José Garza
Batting: RHB Danny Walker 0-0: Swinging Strike
0-1: Ball
1-1: Ground out 4-3 (Groundball, 34)
Batting: LHB Dave Watson 0-0: SINGLE (Groundball, 34D)
Batting: RHB Anthony Rucker 0-0: Called Strike
0-1: Foul Ball, location: 2F
0-2: Strikes out swinging
Batting: LHB Clinton Clark 0-0: Called Strike
0-1: Ball
1-1: Swinging Strike
1-2: Strikes out swinging
Bottom of the 4th over - 0 run(s), 1 hit(s), 0 error(s), 1 left on base; Fresno 0 - St. Louis 2
TOP OF THE 5TH
Fresno Deplorables batting - Pitching for St. Louis Browns : RHP Bob Cunningham
Batting: RHB Robert Bly 0-0: SINGLE (Flyball, 8RS)
Batting: RHB Jesús Gutiérrez 0-0: Ball
1-0: Swinging Strike
1-1: SINGLE (Line Drive, 4M)
Robert Bly to second
Batting: RHB Jared Thompson 0-0: Called Strike
0-1: Fielders Choice at 2nd, 4-6 (Groundball, 34)
Robert Bly to third
Batting: LHB Paul Mullins 0-0: Ball
1-0: Ball
2-0: 3-RUN HOME RUN (Flyball, 9D), Distance : 378 ft
Batting: LHB Jeff Daniels 0-0: Called Strike
0-1: Ball
1-1: Ground out 4-3 (Groundball, 34)
Batting: LHB Troy Donaldson 0-0: Ball
1-0: Fly out, F4 (Popup, 4S)
Top of the 5th over - 3 run(s), 3 hit(s), 0 error(s), 0 left on base; Fresno 3 - St. Louis 2
BOTTOM OF THE 5TH
St. Louis Browns batting - Pitching for Fresno Deplorables : LHP José Garza
Batting: RHB Vicente Valentín 0-0: Ball
1-0: Called Strike
1-1: Foul Ball, location: 2F
1-2: Strikes out looking
Batting: LHB Mike Hill 0-0: Swinging Strike
0-1: Ground out 3-1 (Groundball, 34)
Batting: RHB Carlos Alfaro 0-0: Ball
1-0: Ball
2-0: Ball
3-0: Called Strike
3-1: Foul Ball, location: 2F
3-2: Base on Balls
Batting: LHB Bill Murphy 0-0: Ball
1-0: Called Strike
1-1: Ball
2-1: Ground out 4-3 (Groundball, 34)
Bottom of the 5th over - 0 run(s), 0 hit(s), 0 error(s), 1 left on base; Fresno 3 - St. Louis 2
TOP OF THE 6TH
Fresno Deplorables batting - Pitching for St. Louis Browns : RHP Bob Cunningham
Batting: RHB Paco Arellano 0-0: Ball
1-0: Ball
2-0: Ball
3-0: Called Strike
3-1: Fly out, F9 (Flyball, 9S)
Batting: RHB António Zúńiga 0-0: Ball
1-0: Swinging Strike
1-1: SOLO HOME RUN (Flyball, 7D), Distance : 378 ft
Batting: RHB Gabriel Miranda 0-0: Foul Ball, location: 2F
0-1: Foul Ball, location: 2F
0-2: SINGLE (Line Drive, 56)
Batting: RHB Robert Bly 0-0: Called Strike
0-1: Grounds into double play, 6-4-3 (Groundball, 6)
Top of the 6th over - 1 run(s), 2 hit(s), 0 error(s), 0 left on base; Fresno 4 - St. Louis 2
BOTTOM OF THE 6TH
St. Louis Browns batting - Pitching for Fresno Deplorables : LHP José Garza
Batting: SHB David Johnstone 0-0: Called Strike
0-1: Ball
1-1: Ball
2-1: Fly out, F8 (Flyball, 8LM)
Batting: RHB Danny Walker 0-0: Called Strike
0-1: SINGLE (Groundball, 6MD)
Batting: LHB Dave Watson 0-0: Foul Ball, location: 2F
0-1: Swinging Strike
0-2: Fly out, F8 (Flyball, 8RM)
Batting: RHB Anthony Rucker 0-0: Ball
1-0: Fielders Choice at 2nd, 5-4 (Groundball, 5L)
Bottom of the 6th over - 0 run(s), 1 hit(s), 0 error(s), 0 left on base; Fresno 4 - St. Louis 2
TOP OF THE 7TH
Fresno Deplorables batting - Pitching for St. Louis Browns : RHP Bob Cunningham
Batting: RHB Jesús Gutiérrez 0-0: Ball
1-0: Foul Ball, location: 2F
1-1: Fly out, F7 (Flyball, 78M)
Batting: RHB Jared Thompson 0-0: SINGLE (Line Drive, 34)
Batting: LHB Paul Mullins 0-0: Ball
1-0: Ball
Jared Thompson steals 2nd base
2-0: Fly out, F9 (Flyball, 9D)
Runner from 2nd tags up, SAFE at 3rd, no throw
Batting: LHB Jeff Daniels 0-0: Called Strike
0-1: Ball
1-1: Foul Ball, location: 2F
1-2: Ground out 3-1 (Groundball, 34)
Top of the 7th over - 0 run(s), 1 hit(s), 0 error(s), 1 left on base; Fresno 4 - St. Louis 2
BOTTOM OF THE 7TH
St. Louis Browns batting - Pitching for Fresno Deplorables : LHP José Garza
Batting: LHB Clinton Clark 0-0: Ball
1-0: Called Strike
1-1: Foul Ball, location: 2F
1-2: Strikes out swinging
Batting: RHB Vicente Valentín 0-0: Ball
1-0: Called Strike
1-1: Ball
2-1: Ball
3-1: Base on Balls
Pitching: LHP Eduardo Trujillo
Batting: LHB Mike Hill 0-0: Called Strike
0-1: Ball
1-1: Ball
2-1: Fielders Choice at 2nd, 4-6 (Groundball, 4)
Batting: RHB Carlos Alfaro 0-0: Called Strike
0-1: Ball
1-1: Ball
2-1: Fly out, F4 (Popup, 4MD)
Bottom of the 7th over - 0 run(s), 0 hit(s), 0 error(s), 1 left on base; Fresno 4 - St. Louis 2
TOP OF THE 8TH
Fresno Deplorables batting - Pitching for St. Louis Browns : RHP Bob Cunningham
Pitching: LHP Luis Noriega
Batting: LHB Troy Donaldson 0-0: Called Strike
0-1: Ball
1-1: Ball
2-1: SOLO HOME RUN (Flyball, 9D), Distance : 379 ft
Pitching: RHP Beau Brown
Batting: RHB Paco Arellano 0-0: Ball
1-0: Ball
2-0: Called Strike
2-1: Foul Ball, location: 2F
2-2: Strikes out looking
Batting: RHB António Zúńiga 0-0: Ball
1-0: Ball
2-0: Called Strike
2-1: Fly out, F8 (Line Drive, 89S)
Batting: RHB Gabriel Miranda 0-0: Called Strike
0-1: Called Strike
0-2: Ball
1-2: Ball
2-2: Ground out 5-3 (Groundball, 56)
Top of the 8th over - 1 run(s), 1 hit(s), 0 error(s), 0 left on base; Fresno 5 - St. Louis 2
BOTTOM OF THE 8TH
St. Louis Browns batting - Pitching for Fresno Deplorables : LHP Eduardo Trujillo
Batting: LHB Bill Murphy 0-0: Ball
1-0: Fly out, F6 (Popup, 56)
Batting: SHB David Johnstone 0-0: Ball
1-0: Ground out 4-3 (Groundball, 4)
Batting: RHB Danny Walker 0-0: Ball
1-0: Swinging Strike
1-1: Foul Ball, location: 2F
1-2: Ball
2-2: Foul Ball, location: 2F
2-2: Strikes out swinging
Bottom of the 8th over - 0 run(s), 0 hit(s), 0 error(s), 0 left on base; Fresno 5 - St. Louis 2
TOP OF THE 9TH
Fresno Deplorables batting - Pitching for St. Louis Browns : RHP Beau Brown
Batting: RHB Robert Bly 0-0: Ground out 5-3 (Groundball, 56)
Batting: RHB Jesús Gutiérrez 0-0: Ball
1-0: Ball
2-0: Ground out 6-3 (Groundball, 6)
Batting: RHB Jared Thompson 0-0: Foul Ball, location: 2F
0-1: Fly out, F6 (Line Drive, 6MD)
Top of the 9th over - 0 run(s), 0 hit(s), 0 error(s), 0 left on base; Fresno 5 - St. Louis 2
BOTTOM OF THE 9TH
St. Louis Browns batting - Pitching for Fresno Deplorables : LHP Eduardo Trujillo
Pitching: LHP Valentín Reséndez
Batting: LHB Dave Watson 0-0: Called Strike
0-1: Ball
1-1: Ball
2-1: Foul Ball, location: 2F
2-2: Strikes out looking
Batting: RHB Anthony Rucker 0-0: Ball
1-0: Ball
2-0: Called Strike
2-1: Foul Ball, location: 2F
2-2: Strikes out swinging
Batting: LHB Clinton Clark 0-0: Called Strike
0-1: Swinging Strike
0-2: Foul Ball, location: 2F
0-2: Foul Ball, location: 2F
0-2: Foul Ball, location: 2F
0-2: Strikes out looking
Bottom of the 9th over - 0 run(s), 0 hit(s), 0 error(s), 0 left on base; Fresno 5 - St. Louis 2
Tuesday, August 8th, 2017 - OOTP Baseball 17.12 Build 75